[Event "Titled Tuesday Blitz October 11 Late 2022"]
[White "Fedoseev, Vladimir"]
[Black "Andreikin, Dmitry"]
[WhiteFideId "24130737"]
[BlackFideId "4158814"]
[WhiteElo "2726"]
[BlackElo "2736"]
[Result "1/2-1/2"]
[Round "11"]
[TimeControl "180+1"]
[Date "2022.10.11"]
[WhiteClock "0:00:06"]
[BlackClock "0:00:04"]

1. d4 Nf6 2. c4 e6 3. Nc3 Bb4 4. e3 O-O 5. Bd3 d5 6. a3 Bxc3+ 7. bxc3 c6 8. a4 b6 9. Nf3 Ba6 10. Qe2 Ne4 11. Ba3 Re8 12. Qc2 Nd7 13. O-O Rc8 14. Rfb1 h6 15. Bxe4 dxe4 16. Qxe4 Bxc4 17. Nd2 Nf6 18. Qc2 Ba6 19. a5 c5 20. axb6 axb6 21. Qb3 cxd4 22. cxd4 Nd5 23. Bb2 Bb7 24. f3 Qg5 25. Nf1 Rc7 26. Re1 Rec8 27. Rac1 Ba6 28. Rxc7 Rxc7 29. Ng3 Bc4 30. Qa3 b5 31. Bc1 Qe7 32. Qxe7 Rxe7 33. Bd2 Ra7 34. e4 Ra2 35. Rd1 Bb3 36. Rb1 Bc4 37. exd5 Rxd2 38. Ne4 Rxd4 39. dxe6 fxe6 40. Nc3 Bd3 41. Rd1 Rd7 42. Kf2 b4 43. Na4 Bb5 44. Rxd7 Bxd7 45. Nc5 Bb5 46. Ke3 Bc4 47. Kd4 Bd5 48. Nd3 b3 49. Kc3 Kf7 50. Nc5 Kf6 51. Nxb3 Ke5 52. Nd2 g5 53. Kd3 Kf4 54. Ke2 e5 55. g3+ Kf5 56. Ke3 h5 57. h3 Bc6 58. g4+ hxg4 59. hxg4+ Kg6 60. Ne4 Ba8 61. Kd3 Bb7 62. Kc4 Ba6+ 63. Kd5 Be2 64. Nd2 Kf6 65. Kd6 Bd1 66. Ne4+ Kg6 67. Nd2 Kf6 68. Kd5 Be2 69. Kd6 Bd1 1/2-1/2


[Site "https://www.chess.com"]

[Event "Titled Tuesday Blitz October 11 Late 2022"]
[White "Fernandez De La Vara, Arnaldo"]
[Black "Bazeev, German"]
[WhiteFideId "3518388"]
[BlackFideId "24119350"]
[WhiteElo "2387"]
[BlackElo "2493"]
[Result "0-1"]
[Round "11"]
[TimeControl "180+1"]
[Date "2022.10.11"]
[WhiteClock "0:00:02"]
[BlackClock "0:00:08"]

1. Nf3 Nf6 2. b3 d5 3. Bb2 c6 4. g3 Bg4 5. Bg2 Nbd7 6. O-O Bxf3 7. Bxf3 e5 8. c4 d4 9. e3 dxe3 10. fxe3 Bd6 11. Nc3 O-O 12. d4 Qe7 13. Qc2 Rad8 14. Rad1 Rfe8 15. Kg2 a6 16. Qf5 Nf8 17. Kh1 Ng6 18. Bg2 Ba3 19. Ba1 e4 20. d5 Bc5 21. Nxe4 Nxe4 22. Rd3 Nf6 23. h4 h5 24. Kh2 cxd5 25. cxd5 Bd6 26. Kh3 Qd7 27. e4 Ne5 28. Qxd7 Nfxd7 29. Rc3 f6 30. Rfc1 Kf7 31. Bb2 Ke7 32. R3c2 Rb8 33. Rc3 Nf7 34. Bf1 Be5 35. R3c2 Bxb2 36. Rxb2 Rec8 37. Rbc2 Rxc2 38. Rxc2 Nd6 39. Be2 Rc8 40. Rxc8 Nxc8 41. Bxh5 Nd6 42. Kg4 Nxe4 43. Kf4 Nd6 44. Be2 Nb6 45. Bf3 Nd7 46. g4 Ne5 47. Be2 Ndf7 48. g5 fxg5+ 49. hxg5 Nd7 50. Kf5 Nd6+ 51. Kg6 Kf8 52. Bf1 Ne5+ 53. Kh7 Ndf7 54. g6 Ng5+ 0-1


[Site "https://www.chess.com"]

[Event "Titled Tuesday Blitz October 11 Late 2022"]
[White "Garmash, Aliona"]
[Black "P., Komal Kishore"]
[WhiteFideId "34127620"]
[BlackFideId "5016703"]
[WhiteElo "1980"]
[BlackElo "2122"]
[Result "0-1"]
[Round "11"]
[TimeControl "180+1"]
[Date "2022.10.12"]
[WhiteClock "0:00:01"]
[BlackClock "0:00:10"]

1. d4 d5 2. Nf3 Nf6 3. c4 c6 4. Nc3 dxc4 5. a4 Bf5 6. Ne5 Nbd7 7. Nxc4 Nb6 8. Ne5 Nfd7 9. Nxd7 Nxd7 10. e4 Bg6 11. f3 e6 12. Be3 Bb4 13. Be2 Qa5 14. Qc2 O-O 15. O-O e5 16. dxe5 Nxe5 17. Na2 Be7 18. b4 Qc7 19. Rab1 f6 20. Nc3 Bf7 21. Rfc1 Nc4 22. Bxc4 Bxc4 23. b5 Be6 24. Nd5 Bxd5 25. exd5 Qe5 26. Qe4 cxd5 27. Qxe5 fxe5 28. Rc7 Bd8 29. Rxb7 d4 30. Bd2 Bb6 31. Kf1 Rac8 32. a5 Bc5 33. b6 axb6 34. axb6 e4 35. Rc7 Rxc7 36. bxc7 Bd6 37. Ba5 exf3 38. gxf3 Rxf3+ 39. Ke2 Re3+ 40. Kd2 Re8 41. Kd3 Bxh2 42. Kxd4 Rc8 43. Rc1 Bf4 44. Rc2 g5 45. Kd5 Kf7 46. Kc6 Ke6 47. Kb7 Kd7 48. Rc3 Bxc7 49. Bxc7 Rg8 50. Rh3 Rg7 51. Be5 Rf7 52. Kb6 Ke6 53. Bd4 g4 54. Rg3 h5 55. Kc5 Kf5 56. Kc4 Ke4 57. Bb6 Rf6 58. Ba7 Rc6+ 59. Kb3 Rc7 60. Bf2 Kf4 61. Rg1 Rc6 0-1


[Site "https://www.chess.com"]

[Event "Titled Tuesday Blitz October 11 Late 2022"]
[White "Gasparyan, David"]
[Black "Kavutskiy, Konstantin"]
[WhiteFideId "13311980"]
[BlackFideId "2026384"]
[WhiteElo "2346"]
[BlackElo "2338"]
[Result "0-1"]
[Round "11"]
[TimeControl "180+1"]
[Date "2022.10.12"]
[WhiteClock "0:00:04"]
[BlackClock "0:00:09"]

1. d4 Nf6 2. Nf3 g6 3. Bg5 Bg7 4. Nc3 O-O 5. e4 d6 6. Be2 Nc6 7. Qd2 e5 8. d5 Ne7 9. h3 c6 10. dxc6 bxc6 11. Rd1 d5 12. Nxe5 Qc7 13. Bf4 Nxe4 14. Nxe4 Bxe5 15. Bxe5 Qxe5 16. Ng3 Qxb2 17. h4 Rb8 18. h5 Qb4 19. c3 Qb2 20. Qd4 Nf5 21. Nxf5 Bxf5 22. hxg6 Bxg6 23. Kf1 Rfe8 24. Qg4 Qxc3 25. Rh3 Qc2 26. Re1 Rb1 27. Bd1 Rxe1+ 28. Kxe1 c5 29. Re3 Qf5 30. Qe2 d4 31. Re8+ Kg7 32. g4 Qf6 33. Re5 c4 34. g5 Qf4 35. Rc5 c3 36. Qc4 Qd2+ 37. Kf1 Rxd1+ 38. Kg2 Be4+ 39. Kg3 Rg1+ 40. Kh3 Rh1+ 41. Kg3 Rg1+ 42. Kh3 Qd3+ 43. Qxd3 Bxd3 44. Kh2 Rd1 45. Rd5 c2 46. Rxd4 c1=Q 47. Rf4 Qxf4+ 48. Kg2 Be4+ 49. f3 Qxf3+ 50. Kh2 Qg2# 0-1


[Site "https://www.chess.com"]

[Event "Titled Tuesday Blitz October 11 Late 2022"]
[White "Girsh, Daniel"]
[Black "Kouskoutis, Georgios-Alexandros"]
[WhiteFideId "30949190"]
[BlackFideId "4234049"]
[WhiteElo "2075"]
[BlackElo "2187"]
[Result "0-1"]
[Round "11"]
[TimeControl "180+1"]
[Date "2022.10.11"]
[WhiteClock "0:00:35"]
[BlackClock "0:00:06"]

1. e4 c5 2. Nf3 e6 3. d4 cxd4 4. Nxd4 Nc6 5. Nc3 Qc7 6. Be2 a6 7. O-O b5 8. a3 Bb7 9. Be3 Nf6 10. f4 Bc5 11. Kh1 Qb6 12. Nxc6 Bxe3 13. Ne5 Bd4 14. Bf3 d6 15. Ng4 Bxc3 16. bxc3 Nxg4 17. Bxg4 Bxe4 18. f5 exf5 19. Bxf5 Bxf5 20. Rxf5 O-O 21. Qg4 Qc6 22. Qd4 Rac8 23. Rf3 Qc5 24. Qg4 Qe5 25. Qb4 Rc6 26. Raf1 h6 27. h3 Rc4 28. Qa5 Ra4 29. Qb6 Rxa3 30. Qc7 Qe6 31. Rd3 d5 32. Rfd1 Ra2 33. R1d2 Qe4 34. Qg3 Re8 35. Kh2 Qe5 36. Rxd5 Qxg3+ 37. Kxg3 Re3+ 38. Kf4 Rxc3 39. Rd8+ Kh7 40. R8d7 Rcxc2 41. Rxc2 Rxc2 42. Kg3 Kg6 43. Ra7 Rc6 44. Kf3 Rb6 45. Ke3 b4 46. Kd3 b3 47. Rxf7 Kxf7 0-1


[Site "https://www.chess.com"]

[Event "Titled Tuesday Blitz October 11 Late 2022"]
[White "Gonzalez, Francisco Silva"]
[Black "Ibadov, Dashgyn"]
[WhiteFideId "1512285"]
[BlackFideId "24107514"]
[WhiteElo "2159"]
[BlackElo "2208"]
[Result "1-0"]
[Round "11"]
[TimeControl "180+1"]
[Date "2022.10.12"]
[WhiteClock "0:00:26"]
[BlackClock "0:00:03"]

1. d4 Nf6 2. c4 c5 3. d5 d6 4. Nc3 g6 5. e4 Bg7 6. h3 O-O 7. Nf3 e6 8. Bd3 exd5 9. cxd5 Re8 10. O-O Nbd7 11. Bf4 c4 12. Bc2 Nc5 13. Re1 b5 14. a3 Qb6 15. Qd2 Nfd7 16. Rad1 a5 17. Nd4 b4 18. Ncb5 b3 19. Bb1 Ne5 20. Be3 Bd7 21. Nc3 Qd8 22. Nc6 Bxc6 23. dxc6 Ncd3 24. Bxd3 Nxd3 25. Nd5 Nxb2 26. Bb6 Qc8 27. c7 c3 28. Nxc3 Nc4 29. Qd3 Nxb6 30. Nb5 b2 31. Qxd6 Nc4 32. Qc5 Qe6 33. a4 Rac8 34. Na7 Ra8 35. Nb5 Ne5 36. Rd5 Bf8 37. Qc2 Bg7 38. Kf1 Nc6 39. Qc5 Nb4 40. Rd6 Qa2 41. Rdd1 Qxa4 42. Nd6 Rf8 43. c8=Q Raxc8 44. Nxc8 1-0


[Site "https://www.chess.com"]

[Event "Titled Tuesday Blitz October 11 Late 2022"]
[White "Hajiyev, Kanan"]
[Black "Alexikov, Alexander"]
[WhiteFideId "13404148"]
[BlackFideId "14103958"]
[WhiteElo "2118"]
[BlackElo "2222"]
[Result "1-0"]
[Round "11"]
[TimeControl "180+1"]
[Date "2022.10.12"]
[WhiteClock "0:00:06"]
[BlackClock "0:00:01"]

1. d4 Nf6 2. Nf3 g6 3. c4 Bg7 4. g3 d6 5. Bg2 O-O 6. O-O c6 7. b3 a6 8. a4 a5 9. Nc3 Na6 10. e4 c5 11. e5 Ne8 12. Be3 Bg4 13. h3 Bxf3 14. Bxf3 cxd4 15. Bxd4 dxe5 16. Be3 Nd6 17. Rc1 Nf5 18. Qxd8 Rfxd8 19. Bb6 Rd3 20. Bxb7 Rb8 21. Bxa6 Rxb6 22. Bb5 Rb8 23. c5 Rd2 24. Rfd1 Rb2 25. Rb1 Rxb1 26. Rxb1 Nd4 27. c6 f5 28. b4 Nf3+ 29. Kg2 Nd2 30. Rd1 axb4 31. Nd5 Ne4 32. c7 Ra8 33. Nxe7+ Kf7 34. c8=Q Rxc8 35. Nxc8 Nc3 36. Rd7+ Kf6 37. Bc4 Bh6 38. Rf7+ Kg5 39. Rb7 Bf8 40. h4+ Kh6 41. a5 e4 42. a6 Bc5 43. a7 Bxa7 44. Nxa7 Na4 45. Rxb4 Nc5 46. Rb5 Ne6 47. Rb7 Nd4 48. Nb5 Nc2 49. Nd6 g5 50. Rf7 f4 51. hxg5+ Kxg5 52. Rxf4 1-0


[Site "https://www.chess.com"]

[Event "Titled Tuesday Blitz October 11 Late 2022"]
[White "Hansen, Eric"]
[Black "Duda, Jan-Krzysztof"]
[WhiteFideId "2606771"]
[BlackFideId "1170546"]
[WhiteElo "2568"]
[BlackElo "2779"]
[Result "1-0"]
[Round "11"]
[TimeControl "180+1"]
[Date "2022.10.11"]
[WhiteClock "0:00:25"]
[BlackClock "0:00:14"]

1. e4 e5 2. Nf3 Nc6 3. Bb5 a6 4. Ba4 Nf6 5. O-O Be7 6. Re1 b5 7. Bb3 O-O 8. h3 Bb7 9. d3 d5 10. exd5 Nxd5 11. a4 Rb8 12. axb5 axb5 13. Nc3 Nxc3 14. bxc3 Kh8 15. Nxe5 Nxe5 16. Rxe5 c5 17. Bf4 Bd6 18. Qg4 c4 19. dxc4 bxc4 20. Bxc4 Qc8 21. Rf5 Bxf4 22. Qxf4 f6 23. Bd3 Qxc3 24. Rd1 g6 25. Rb5 Qc6 26. Qg3 Rbd8 27. Rdb1 Ba8 28. Rb6 Qc3 29. Ra6 Bd5 30. Ra7 Qd4 31. Rxh7+ 1-0


[Site "https://www.chess.com"]

[Event "Titled Tuesday Blitz October 11 Late 2022"]
[White "Har-Zvi, Ronen"]
[Black "Sohal, Tanraj"]
[WhiteFideId "2801485"]
[BlackFideId "2608499"]
[WhiteElo "2523"]
[BlackElo "2200"]
[Result "1-0"]
[Round "11"]
[TimeControl "180+1"]
[Date "2022.10.11"]
[WhiteClock "0:02:07"]
[BlackClock "0:00:01"]

1. Nf3 d5 2. c4 e6 3. cxd5 exd5 4. d4 Nf6 5. Nc3 Be7 6. Bg5 O-O 7. e3 c6 8. Bd3 Nbd7 9. Qc2 Re8 10. O-O Nf8 11. Rab1 g6 12. b4 Ne6 13. Bxf6 Bxf6 14. b5 c5 15. dxc5 Nxc5 16. Rfd1 Bg4 17. Bc4 dxc4 18. Rxd8 Raxd8 19. Rf1 Bf5 20. Qc1 Nd3 21. Qa3 a6 22. bxa6 bxa6 23. Nd4 Bxd4 24. exd4 Rxd4 25. Qxa6 Nf4 26. Qc6 Red8 27. h3 Rc8 28. Qf6 Rd3 29. Re1 Nd5 30. Nxd5 Rxd5 31. Re7 Rf8 32. Rc7 Be6 33. h4 1-0


[Site "https://www.chess.com"]

[Event "Titled Tuesday Blitz October 11 Late 2022"]
[White "Haszon, David"]
[Black "Dardha, Arben"]
[WhiteFideId "733610"]
[BlackFideId "4700481"]
[WhiteElo "2211"]
[BlackElo "2196"]
[Result "0-1"]
[Round "11"]
[TimeControl "180+1"]
[Date "2022.10.12"]
[WhiteClock "0:02:17"]
[BlackClock "0:02:33"]

1. e4 c5 2. Nf3 Nc6 3. d4 cxd4 4. Nxd4 e5 5. Nb5 Nf6 6. N1c3 d6 7. Bg5 a6 8. Na3 b5 9. Bxf6 gxf6 10. Nd5 f5 11. g3 fxe4 12. Bg2 Bg7 13. Bxe4 O-O 14. Ne3 Bd7 15. Qxd6 Nd4 16. c3 Ne6 17. Rd1 Ra7 18. O-O Ng5 19. Bg2 Qf6 20. Qb6 Qxb6 0-1


[Site "https://www.chess.com"]

[Event "Titled Tuesday Blitz October 11 Late 2022"]
[White "Izuzquiza Gonzalez, Javier"]
[Black "Reprintsev, Alexander"]
[WhiteFideId "3101029"]
[BlackFideId "14100541"]
[WhiteElo "2034"]
[BlackElo "2230"]
[Result "1-0"]
[Round "11"]
[TimeControl "180+1"]
[Date "2022.10.12"]
[WhiteClock "0:00:16"]
[BlackClock "0:00:11"]

1. d4 d5 2. c4 e5 3. dxe5 d4 4. Nf3 Nc6 5. g3 Nge7 6. Bg2 Ng6 7. O-O Ngxe5 8. Nxe5 Nxe5 9. Nd2 Be7 10. Qc2 O-O 11. Nf3 Nxf3+ 12. Bxf3 c6 13. c5 Qa5 14. Be4 f5 15. Bd2 Qxc5 16. Qb3+ Kh8 17. Rac1 Qb6 18. Qxb6 axb6 19. Bb1 Be6 20. a3 c5 21. Bf4 Rac8 22. Bd3 g5 23. Be5+ Bf6 24. Bxf6+ Rxf6 25. Rfd1 f4 26. Be4 Rc7 27. b4 Rff7 28. Kg2 Kg7 29. gxf4 gxf4 30. Kf3 Kf6 31. Kxf4 Ke7+ 32. Kg3 Rg7+ 33. Kf4 Kf6 34. e3 Rcf7 35. exd4 Ke7+ 36. Ke3 cxb4 37. axb4 Kd6 38. f3 Rg2 39. Rd2 Rfg7 40. Rcc2 Rg1 41. d5 Bd7 42. Kd4 Rb1 43. Rc4 Rb3 44. Rd3 Rb2 45. Rdc3 Rxh2 46. Rc7 h5 47. Rxb7 Rhg2 48. Rxb6+ Ke7 49. Rh6 R2g5 50. Rc7 Kd8 51. d6 Be8 52. Rxg7 Rxg7 53. Kd5 Rb7 54. Kc5 Ra7 55. Rh8 Rg7 56. Bc6 Rg5+ 57. Kb6 Re5 58. d7 h4 59. dxe8=Q+ Rxe8 60. Rxe8# 1-0


[Site "https://www.chess.com"]

[Event "Titled Tuesday Blitz October 11 Late 2022"]
[White "Jensen, Matthew R"]
[Black "Melikhov, Evgeny V."]
[WhiteFideId "2018110"]
[BlackFideId "4122046"]
[WhiteElo "2306"]
[BlackElo "2169"]
[Result "0-1"]
[Round "11"]
[TimeControl "180+1"]
[Date "2022.10.12"]
[WhiteClock "0:00:23"]
[BlackClock "0:00:52"]

1. d4 Nf6 2. c4 e6 3. g3 d5 4. Bg2 dxc4 5. Qa4+ Bd7 6. Qxc4 Bc6 7. Nf3 Qd5 8. Qxd5 Bxd5 9. Nc3 Bb4 10. O-O Bxc3 11. bxc3 O-O 12. Nd2 Bxg2 13. Kxg2 c5 14. Ba3 Rc8 15. Bxc5 Na6 16. Be7 Rxc3 17. Bxf6 gxf6 18. Ne4 Rc2 19. Nxf6+ Kf8 20. Nxh7+ Ke7 21. e3 f6 22. Rfb1 b6 23. Rb5 Rh8 24. Rh5 Nb4 25. Nxf6 Rxh5 26. Nxh5 Nxa2 27. Nf4 b5 28. d5 e5 29. Nd3 e4 30. Nc5 b4 31. Nxe4 b3 32. Rb1 b2 33. Kf1 a5 34. Ke1 a4 35. h4 Rc1+ 36. Ke2 Rxb1 37. Nd2 Rc1 38. h5 Rc2 39. h6 Rxd2+ 40. Kxd2 b1=Q 41. f3 Qg6 42. e4 0-1


[Site "https://www.chess.com"]

[Event "Titled Tuesday Blitz October 11 Late 2022"]
[White "Jobava, Baadur"]
[Black "Indjic, Aleksandar"]
[WhiteFideId "13601520"]
[BlackFideId "911925"]
[WhiteElo "2582"]
[BlackElo "2592"]
[Result "1-0"]
[Round "11"]
[TimeControl "180+1"]
[Date "2022.10.11"]
[WhiteClock "0:01:00"]
[BlackClock "0:00:13"]

1. b3 d5 2. Bb2 Bf5 3. d3 Nf6 4. Nd2 h6 5. g3 e6 6. Bg2 Bh7 7. e4 Be7 8. Nh3 a5 9. a3 c6 10. O-O O-O 11. Re1 Na6 12. Nf4 Nc5 13. e5 Ne8 14. h4 b5 15. Qg4 Kh8 16. Nf3 Nd7 17. Qh5 c5 18. g4 Nc7 19. g5 Bf5 20. Nh2 Kg8 21. Re3 g6 22. Qf3 hxg5 23. hxg5 Bxg5 24. Qg3 d4 25. Re2 Rb8 26. Nf3 Be7 27. b4 axb4 28. axb4 Nb6 29. bxc5 Bxc5 30. Bc1 Kg7 31. Nh5+ Kg8 32. Nf6+ Qxf6 33. exf6 Ncd5 34. Bg5 Ra8 35. Rxa8 Rxa8 36. Qh4 Ra1+ 37. Re1 Ra7 38. Nxd4 Bxd4 39. Qxd4 Rd7 40. Qh4 1-0


[Site "https://www.chess.com"]

[Event "Titled Tuesday Blitz October 11 Late 2022"]
[White "Jorquera, Marcelo"]
[Black "Storey, Charles H"]
[WhiteFideId "3401197"]
[BlackFideId "406686"]
[WhiteElo "2136"]
[BlackElo "2252"]
[Result "0-1"]
[Round "11"]
[TimeControl "180+1"]
[Date "2022.10.12"]
[WhiteClock "0:00:06"]
[BlackClock "0:00:10"]

1. e4 e6 2. Qe2 c5 3. Nf3 Nc6 4. g3 Nf6 5. Bg2 d5 6. d3 Be7 7. O-O O-O 8. e5 Nd7 9. c4 Nb6 10. Nc3 Nd4 11. Qd1 dxc4 12. dxc4 Nxc4 13. Ne4 Nxf3+ 14. Qxf3 Nxe5 15. Qe2 Nc6 16. Be3 Nd4 17. Qh5 Bd7 18. Nxc5 g6 19. Qe5 Nc6 20. Qc3 Bf6 21. Qc1 Bc8 22. Rd1 Qe7 23. Ne4 Bg7 24. Bc5 Qe8 25. Nd6 Qd7 26. Nf5 exf5 27. Rxd7 Bxd7 28. b3 Rfc8 29. Qe1 Ne5 30. Be3 Bc6 31. Rd1 Bxg2 32. Kxg2 b6 33. Qe2 Ng4 34. Bf4 Re8 35. Qf3 Rac8 36. Rd2 h6 37. h3 Nf6 38. Qb7 Ne4 39. Re2 g5 40. Bc1 Rxc1 41. f3 Nd6 42. Rxe8+ Nxe8 43. Qb8 Re1 44. Qxa7 Bd4 45. f4 g4 46. Qa8 Kg7 47. Qd5 Re2+ 48. Kf1 Rd2 49. Qxf5 gxh3 50. Qxh3 Nf6 51. g4 Ne4 52. g5 Rf2+ 53. Ke1 Bc3+ 54. Kd1 Rd2+ 55. Kc1 Bb2+ 56. Kb1 Nc3+ 57. Qxc3+ Bxc3 58. gxh6+ Kxh6 59. a4 Kg6 60. b4 Bxb4 61. Kc1 Ba5 62. Kb1 Kf5 63. Kc1 Kxf4 64. Kb1 Ke3 65. Kc1 Kd3 66. Kb1 Kc3 67. Kc1 Kb3 0-1


[Site "https://www.chess.com"]

[Event "Titled Tuesday Blitz October 11 Late 2022"]
[White "Kanter, Eduard"]
[Black "Yurovskykh, Oleksandr"]
[WhiteFideId "4103963"]
[BlackFideId "14134020"]
[WhiteElo "2267"]
[BlackElo "2303"]
[Result "0-1"]
[Round "11"]
[TimeControl "180+1"]
[Date "2022.10.12"]
[WhiteClock "0:00:01"]
[BlackClock "0:00:30"]

1. d4 d5 2. c4 e6 3. Nf3 Nf6 4. g3 Bb4+ 5. Nc3 dxc4 6. Bg2 b5 7. O-O Bxc3 8. bxc3 O-O 9. a4 c6 10. Qc2 Bb7 11. Ne5 Qb6 12. Ba3 Re8 13. Rfb1 a6 14. Nxc4 Qc7 15. Nd6 Rd8 16. Nxb7 Qxb7 17. e3 Nbd7 18. c4 Rac8 19. axb5 axb5 20. Be7 Re8 21. Bd6 Nb6 22. c5 Nbd5 23. e4 Ne7 24. h3 Ra8 25. Qc3 Ng6 26. Ra5 Rxa5 27. Qxa5 Ra8 28. Qb6 Qc8 29. g4 h6 30. Qc7 Qxc7 31. Bxc7 Ra4 32. e5 Nd5 33. Bxd5 exd5 34. Rd1 Nf4 35. Kh2 Ne6 36. Bd6 Rxd4 37. Ra1 Ra4 38. Rf1 g5 39. Kg3 Kg7 40. f3 Ra2 41. h4 Nf4 0-1


[Site "https://www.chess.com"]

[Event "Titled Tuesday Blitz October 11 Late 2022"]
[White "Kollars, Dmitrij"]
[Black "Pakleza, Zbigniew"]
[WhiteFideId "12909572"]
[BlackFideId "1119290"]
[WhiteElo "2584"]
[BlackElo "2411"]
[Result "1-0"]
[Round "11"]
[TimeControl "180+1"]
[Date "2022.10.11"]
[WhiteClock "0:00:09"]
[BlackClock "0:00:02"]

1. Nf3 d5 2. d4 Nf6 3. c4 c6 4. Nc3 Qb6 5. e3 Bf5 6. Be2 e6 7. Nh4 Be4 8. f3 Bg6 9. Nxg6 hxg6 10. Qc2 Nbd7 11. Bd2 Be7 12. O-O-O Qc7 13. h4 O-O-O 14. Kb1 a6 15. g4 dxc4 16. Bxc4 Nb6 17. Be2 c5 18. Rc1 cxd4 19. exd4 Kb8 20. Qb3 Qd6 21. g5 Nfd7 22. Ne4 Qd5 23. Qd3 Ka7 24. Be3 Ne5 25. dxe5 Qxd3+ 26. Bxd3 Rxd3 27. Rc3 Rxe3 28. Rxe3 Nd5 29. Re2 Kb6 30. Rc2 Nb4 31. Rc3 Nd5 32. Rc4 Ne3 33. Rd4 Nf5 34. Rd7 Kc6 35. Rd3 Rxh4 36. Rc1+ Kb6 37. a3 Rf4 38. Rb3+ Ka5 39. Rc4 b5 40. Rc7 Kb6 41. Rd7 Bc5 42. Rxf7 Be3 43. Rxe3 Rh4 44. Rd3 Rh1+ 45. Ka2 a5 46. Nd6 1-0


[Site "https://www.chess.com"]

[Event "Titled Tuesday Blitz October 11 Late 2022"]
[White "Kostiukov, Alexandr"]
[Black "Noboa Silva, Kevin"]
[WhiteFideId "14108100"]
[BlackFideId "3618471"]
[WhiteElo "2202"]
[BlackElo "2178"]
[Result "1-0"]
[Round "11"]
[TimeControl "180+1"]
[Date "2022.10.12"]
[WhiteClock "0:00:57"]
[BlackClock "0:00:07"]

1. g3 h5 2. Nf3 d6 3. Bg2 e5 4. e4 Nc6 5. d4 exd4 6. Nxd4 h4 7. O-O Bd7 8. c4 Qf6 9. Nxc6 Bxc6 10. Nc3 O-O-O 11. Nd5 Qg6 12. Re1 hxg3 13. hxg3 Qh7 14. Be3 Kb8 15. b4 Nf6 16. b5 Bd7 17. f3 Bh3 18. Qd2 Nxd5 19. cxd5 Be7 20. Rac1 Qg6 21. Bxa7+ Kc8 22. Bb6 Bxg2 23. Rxc7+ Kb8 24. Qa5 Rh1+ 25. Kxg2 Rh2+ 26. Kxh2 Rh8+ 27. Kg2 Rh2+ 28. Kxh2 Qh6+ 29. Kg2 Qd2+ 30. Qxd2 Bd8 31. Qc3 Bxc7 32. Qxc7+ 1-0


[Site "https://www.chess.com"]

[Event "Titled Tuesday Blitz October 11 Late 2022"]
[White "Krstic, Milos"]
[Black "Kaganskiy, Gleb"]
[WhiteFideId "954888"]
[BlackFideId "4132025"]
[WhiteElo "2194"]
[BlackElo "2165"]
[Result "1-0"]
[Round "11"]
[TimeControl "180+1"]
[Date "2022.10.12"]
[WhiteClock "0:00:13"]
[BlackClock "0:00:01"]

1. e4 e6 2. d4 d5 3. exd5 exd5 4. Bd3 Nf6 5. Ne2 c5 6. dxc5 Bxc5 7. O-O O-O 8. h3 Nc6 9. Ng3 Qd6 10. Nf5 Bxf5 11. Bxf5 Rad8 12. Nc3 a6 13. Ne2 Nh5 14. Bg4 Ng3 15. Nxg3 Qxg3 16. Qf3 Qxf3 17. Bxf3 Nd4 18. Bd1 Rfe8 19. c3 Ne2+ 20. Kh1 d4 21. cxd4 Bxd4 22. Bg5 f6 23. Bh4 g5 24. Bg3 Nxg3+ 25. fxg3 Bxb2 26. Rb1 Rd2 27. Bf3 b6 28. Rfd1 Red8 29. Rxd2 Rxd2 30. Re1 Be5 31. Kh2 h5 32. Re2 Rd6 33. Bxh5 Rd3 34. Bf3 Kg7 35. Rc2 Rc3 36. Rd2 Ra3 37. Rc2 a5 38. Rc6 Rxa2 39. Rxb6 a4 40. Ra6 a3 41. Bd5 Ra1 42. Ra7+ Kf8 43. Rb7 Rc1 44. Ra7 Rc3 45. Bf3 1-0


[Site "https://www.chess.com"]

[Event "Titled Tuesday Blitz October 11 Late 2022"]
[White "Krzywda, Andrzej"]
[Black "Vega Gutierrez, Sabrina"]
[WhiteFideId "1114565"]
[BlackFideId "2219026"]
[WhiteElo "2149"]
[BlackElo "2261"]
[Result "0-1"]
[Round "11"]
[TimeControl "180+1"]
[Date "2022.10.12"]
[WhiteClock "0:00:03"]
[BlackClock "0:00:19"]

1. e4 c5 2. Nf3 e6 3. d4 cxd4 4. Nxd4 Nc6 5. Nc3 a6 6. a3 Nf6 7. Be3 d5 8. exd5 Nxd5 9. Nxd5 Qxd5 10. c4 Qd7 11. Be2 e5 12. Nxc6 Qxc6 13. O-O Be7 14. Rc1 O-O 15. b4 Be6 16. Bf3 e4 17. Be2 f5 18. g3 Rad8 19. Qc2 g5 20. Rfd1 Rxd1+ 21. Rxd1 f4 22. Bc1 e3 23. f3 g4 24. Rf1 fxg3 25. fxg4 gxh2+ 26. Kxh2 Rf2+ 27. Rxf2 exf2 28. Bf1 Qf3 0-1


[Site "https://www.chess.com"]

[Event "Titled Tuesday Blitz October 11 Late 2022"]
[White "Machidon, Cristi"]
[Black "Le Goff, Ronan"]
[WhiteFideId "13904590"]
[BlackFideId "612073"]
[WhiteElo "2312"]
[BlackElo "2276"]
[Result "1-0"]
[Round "11"]
[TimeControl "180+1"]
[Date "2022.10.11"]
[WhiteClock "0:00:48"]
[BlackClock "0:00:26"]

1. d4 Nf6 2. c4 e6 3. Nc3 Bb4 4. e3 O-O 5. Ne2 c6 6. a3 Ba5 7. b4 Bc7 8. e4 d5 9. e5 Ne4 10. Qc2 Nxc3 11. Nxc3 dxc4 12. Qe4 f5 13. exf6 Qxf6 14. Be3 a5 15. b5 c5 16. Bxc4 cxd4 17. Bxd4 Qh6 18. g3 Kh8 19. O-O e5 20. Be3 Qh3 21. Rfc1 Bg4 22. Bf1 Qh5 23. Qxb7 Qf7 24. Bg2 Nd7 25. Qxc7 Rac8 26. Qd6 e4 27. Nxe4 Rcd8 28. Ng5 Qb3 29. Qd5 Qb2 30. Bd4 Qe2 31. Nf7+ Rxf7 32. Qxf7 Rg8 33. Qxg7+ Rxg7 34. Rc8+ Qe8 35. Rxe8+ Nf8 36. Rxf8# 1-0


[Site "https://www.chess.com"]

[Event "Titled Tuesday Blitz October 11 Late 2022"]
[White "Maksimovic, Bojan"]
[Black "Holt, Conrad"]
[WhiteFideId "14408120"]
[BlackFideId "2034387"]
[WhiteElo "2447"]
[BlackElo "2592"]
[Result "0-1"]
[Round "11"]
[TimeControl "180+1"]
[Date "2022.10.11"]
[WhiteClock "0:00:02"]
[BlackClock "0:00:30"]

1. e4 e6 2. d4 d5 3. Nc3 Nf6 4. Bg5 dxe4 5. Nxe4 Be7 6. Bxf6 Bxf6 7. Nf3 Nd7 8. Qd2 b6 9. O-O-O Bb7 10. Qe3 O-O 11. h4 c5 12. Bb5 cxd4 13. Nxd4 Bxe4 14. Qxe4 Nc5 15. Qe3 Qd5 16. Kb1 Rad8 17. c3 Qe4+ 18. Kc1 a6 19. Bc6 Bxd4 20. Qxe4 Nxe4 21. Bxe4 Bxf2 22. h5 g6 23. Kc2 Kg7 24. hxg6 hxg6 25. b4 f5 26. Bb7 a5 27. Kb3 e5 28. Rhf1 Rxd1 29. Rxd1 e4 30. Ba6 Rh8 31. Rd6 Rh2 32. Bf1 Rh1 33. Bb5 Rg1 34. Rd2 Be3 35. Re2 Bf4 36. bxa5 bxa5 37. Ka4 Bc7 38. Be8 Rc1 39. Kb3 Be5 40. c4 Rc3+ 41. Ka4 Rxc4+ 42. Kxa5 Rc8 43. Bb5 Bd4 44. Kb4 e3 45. a4 Bc3+ 46. Kb3 Bd2 47. Bc4 Kf6 48. a5 Rb8+ 49. Kc2 Ke5 50. a6 Kd4 51. Be6 Ra8 52. Bf7 Rxa6 53. g3 Rc6+ 54. Kb3 Kd3 55. Be8 Rb6+ 56. Bb5+ Rxb5+ 57. Ka4 0-1


[Site "https://www.chess.com"]